 Dungeon Crawl Stone Soup version 0.28-a0-563-gf77a47075d (webtiles) character file.

Game seed: 17761709351849880970

930 gruber the Geomancer (level 7, -2/59 HPs)
             Began as a Troll Earth Elementalist on Sept 30, 2021.
             Was an Initiate of Vehumet.
             Slain by Pikel (15 damage)
             ... on level 5 of the Dungeon.
             The game lasted 00:05:24 (4064 turns).

gruber the Geomancer (Troll Earth Elementalist)     Turns: 4064, Time: 00:05:24

Health: -2/59      AC:  5    Str: 17    XL:     7   Next: 86%
Magic:  7/7        EV:  9    Int: 13    God:    Vehumet [......]
Gold:   58         SH:  0    Dex: 10    Spells: 5/8 levels left

rFire   . . .      SeeInvis .     - Unarmed
rCold   . . .      Faith    .   (no shield)
rNeg    . . .      Spirit   .   b - +0 robe
rPois   .          Reflect  .   e - +1 hat
rElec   .          Harm     .   y - scarf {repulsion}
rCorr   .          Rampage  .   (gloves unavailable)
Will    .....                   (boots unavailable)
Stlth   +.........              u - amulet of regeneration
HPRegen 2.19/turn               (no ring)
MPRegen 0.10/turn               (no ring)

@: repel missiles
A: large, unfitting armour, claws 3, regeneration 1, shaggy fur 1, tough skin 1
a: Renounce Religion


You were on level 5 of the Dungeon.
You worshipped Vehumet.
Vehumet was noncommittal.
You visited 2 branches of the dungeon, and saw 6 of its levels.

You collected 214 gold pieces.
You spent 156 gold pieces at shops.

Inventory:

Missiles
 c - 148 stones
 i - 3 large rocks
Armour
 b - a +0 robe (worn)
 e - a +1 hat (worn)
 y - a scarf of repulsion (worn)
Jewellery
 u - an amulet of regeneration (around neck)
 w - a +4 ring of protection
Wands
 s - a wand of iceblast (10)
Scrolls
 d - a scroll of fog {unknown}
 g - 4 scrolls of noise {unknown}
 k - 2 scrolls of amnesia {unknown}
 l - a scroll of identify {unknown}
 n - a scroll of magic mapping {unknown}
 o - a scroll of fear {unknown}
 p - a scroll of enchant weapon {unknown}
 r - 3 scrolls of immolation {unknown}
 t - 3 scrolls of vulnerability {unknown}
 v - a scroll of torment {unknown}
Potions
 a - 2 potions of flight {unknown}
 f - a potion of ambrosia {unknown}
 h - 2 potions of degeneration {unknown}
 j - a potion of attraction {unknown}
 m - 2 potions of heal wounds {unknown}
 q - 2 potions of invisibility {unknown}
 x - a potion of cancellation {unknown}


   Skills:
 - Level 1.5 Dodging
 - Level 1.0 Stealth
 * Level 3.5 Unarmed Combat
 - Level 1.2 Spellcasting
 - Level 0.6 Transmutations
 - Level 8.0 Earth Magic


You had 5 spell levels left.
You knew the following spells:

 Your Spells              Type           Power      Damage    Failure   Level
a - Sandblast             Erth           42%        2d11      1%          1
b - Blink                 Tloc           N/A        N/A       38%         2

Your spell library contained the following spells:

 Spells                   Type           Power      Damage    Failure   Level
 Passwall                 Tmut/Erth      10%        N/A       7%          2
 Stone Arrow              Conj/Erth      22%        3d8       16%         3
 Foxfire                  Conj/Fire      0%         2x1d4     28%         1
 Petrify                  Tmut/Erth      12%        N/A       43%         4
 Conjure Flame            Conj/Fire      0%         6-21      63%         3
 Inner Flame              Hex/Fire       0%         N/A       63%         3
 Lesser Beckoning         Tloc           0%         N/A       63%         3
 Portal Projectile        Hex/Tloc       0%         N/A       63%         3
 Summon Guardian Golem    Hex/Summ       0%         N/A       63%         3
 Flame Wave               Conj/Fire      0%         3d3       95%         4
 Blade Hands              Tmut           1%         N/A       99%         5
 Excruciating Wounds      Necr           0%         N/A       100%        5
 Manifold Assault         Tloc           0%         N/A       100%        5
 Orb of Destruction       Conj           0%         N/A       100%        7
 Spellforged Servitor     Conj/Summ      0%         N/A       100%        7


Dungeon Overview and Level Annotations

Branches:
Dungeon (5/15)             Temple (1/1) D:4

Altars:
Ashenzari
Cheibriados
Elyvilon
Fedhas
Hepliaklqana
Kikubaaqudgha
Makhleb
Nemelex Xobeh
Okawaru
Qazlal
Ru
Sif Muna
Trog
Uskayaw
Vehumet
Wu Jian
Xom
Yredelemnul
Zin
The Shining One

Shops:
D:5 *

Annotations:
D:5 Pikel


Innate Abilities, Weirdness & Mutations

You are too large for most types of armour.
You have claws for hands.
Your natural rate of healing is unusually fast.
You are covered in fur. (AC +1)
You have tough skin. (AC +1)


Message History

You scratch the gnoll.
The gnoll is heavily wounded.
The gnoll hits you with a +0 club.
You claw the gnoll!
You kill the gnoll!
Vehumet accepts your kill.
You closely miss Pikel.
Pikel hits you with a +2 whip of electrocution.
You barely miss Pikel. Pikel barely misses you.
You scratch Pikel.
Pikel is lightly wounded.
Pikel hits you with a +2 whip of electrocution!
You claw Pikel!
Pikel is moderately wounded.
You barely miss Pikel.
Pikel is moderately wounded.
Pikel closely misses you.
You scratch Pikel but do no damage.
Pikel is moderately wounded.
Pikel hits you with a +2 whip of electrocution.
You scratch Pikel.
Pikel is heavily wounded.
Pikel hits you with a +2 whip of electrocution.
You scratch Pikel.
Pikel is severely wounded.
Pikel hits you with a +2 whip of electrocution.
You are electrocuted!
You scratch Pikel.
Pikel is severely wounded.
Pikel hits you with a +2 whip of electrocution!
You are electrocuted!
* * * LOW HITPOINT WARNING * * *
You are too injured to fight recklessly!
You are too injured to fight recklessly!
You scratch Pikel.
Pikel is severely wounded.
Pikel hits you with a +2 whip of electrocution.
* * * LOW HITPOINT WARNING * * *
You are electrocuted!
You die...

#.#...#......#5...
.....#.#...#......#5...
#....#.#...#......#....
#.#....#.#...+......#..5.
#.#....#5o...#......#K...
#.#....#5#...#......#....
..
#.#....#5#..5>#+##'##....
.^#
#.#....#K#..55..g.....#..
#.#
#.#....#@#............#..
###.##
#.#....#.################
.....####......#......#
..).......#....#......#
..........#........#..#
..........#...........#
..........#...........#
.....######...........#
.....########......#..#


You could see Pikel, 3 lemures and an orc.

Vanquished Creatures
  Sigmund (D:2)
  Edmund (D:4)
  Menkaure (D:4)
  An ice beast (D:3)
  An ogre (D:4)
  A lemure (D:5)
  A scorpion (D:3)
  2 hounds
  A bullfrog skeleton (D:5)
  A gnoll shaman (D:5)
  A hound zombie (D:5)
  4 gnolls (D:5)
  5 adders
  A worm (D:4)
  4 dart slugs
  An orc (D:4)
  4 endoplasms
  12 goblins
  10 hobgoblins
  4 jackals (D:1)
  8 kobolds
  5 quokkas
  4 ball pythons
  6 bats
  4 frilled lizards
  6 rats
90 creatures vanquished.

Notes
Turn   | Place    | Note
-------+----------+-------------------------------------------
     0 | D:1      | gruber the Troll Earth Elementalist began the quest for the
                  | Orb.
     0 | D:1      | Reached XP level 1. HP: 16/16 MP: 1/1
   113 | D:1      | Reached skill level 3 in Earth Magic
   251 | D:1      | Reached XP level 2. HP: 24/24 MP: 2/2
   900 | D:2      | Reached skill level 4 in Earth Magic
   900 | D:2      | Reached XP level 3. HP: 31/31 MP: 3/3
   951 | D:2      | Noticed Sigmund
   963 | D:2      | Killed Sigmund
   964 | D:2      | Reached skill level 5 in Earth Magic
   964 | D:2      | Reached XP level 4. HP: 37/39 MP: 0/4
   964 | D:2      | Reached XP level 5. HP: 43/45 MP: 0/5
  1756 | D:3      | Noticed an ice beast
  1771 | D:3      | Killed an ice beast
  1772 | D:3      | Reached skill level 6 in Earth Magic
  1772 | D:3      | Reached XP level 6. HP: 33/53 MP: 6/6
  1896 | D:3      | Found a faded altar of an unknown god.
  2152 | D:3      | Found an ancient bone altar of Kikubaaqudgha.
  2208 | D:3      | Learned a level 2 spell: Blink
  2301 | D:3      | Found a sparkling altar of Nemelex Xobeh.
  2842 | D:4      | Found a staircase to the Ecumenical Temple.
  2917 | Temple   | Entered the Ecumenical Temple
  3161 | Temple   | Became a worshipper of Vehumet
  3278 | D:4      | Reached skill level 7 in Earth Magic
  3280 | D:4      | Noticed Menkaure
  3282 | D:4      | Killed Menkaure
  3283 | D:4      | Reached XP level 7. HP: 45/59 MP: 4/7
  3298 | D:4      | Noticed Edmund
  3496 | D:4      | Killed Edmund
  3497 | D:4      | Reached skill level 8 in Earth Magic
  3802 | D:5      | Entered Level 5 of the Dungeon
  3925 | D:5      | Found Kiukluvo's Neck Hole.
  3946 | D:5      | Bought a scarf of repulsion for 156 gold pieces
  3989 | D:5      | Noticed Pikel
  4064 | D:5      | Slain by Pikel

Illustrated notes

Levels and vault maps discovered:
D:1:      matt_arrival_refuge, layout_loops_ring, chequers_avenue, minivault_24,
          roderic_lattice_a, grunt_decor_mini_mirrors
D:2:      layout_loops_ring, uniq_sigmund
D:3:      layout_loops_corners, mainiacjoe_overflow_catch_the_wave,
          shapermc_ecumenical_altar_venn, chequers_serial_rivers_large_b,
          minmay_goblin_outpost
D:4:      layout_basic, minmay_temple_entry_arrows, minmay_misc_feat_rows,
          hangedman_abyss_or_decor_passed, uniq_edmund, uniq_menkaure
D:5:      layout_basic, nicolae_dithmenos_through_a_glass_darkly,
          nicolae_shop_sticking_my_neck_out, uniq_crazy_yiuf_cottage, uniq_pikel
Temple:   dpeg_five_rooms_temple

Skill      XL: |  1  2  3  4  5  6  7 |
---------------+----------------------+-----
Earth Magic    | 3 4 5 6 7 8 |  8.0
Unarmed Combat | 3 |  3.5
Dodging        | |  1.5
Stealth        | |  1.0
Spellcasting   | |  1.2
Transmutations | |  0.6

Action                   |  1- 3 |  4- 6 |  7- 9 || total
-------------------------+-------+-------+-------++-------
Melee: Unarmed           |    61 |   155 |    92 ||   308
       Punch             |       |       |     1 ||     1
Throw: Large rock        |       |     3 |       ||     3
 Cast: Sandblast         |     3 |     5 |    24 ||    32
 Stab: Sleeping          |     4 |     4 |       ||     8
Armor: Robe              |    26 |    47 |    20 ||    93
Dodge: Dodged            |    23 |    59 |    47 ||   129

Table legend: (Time is in decaauts)
 A = Elapsed time spent in this place.
 B = Non-inter-level travel time spent in this place.
 C = Inter-level travel time spent in this place.
 D = Time resting spent in this place.
 E = Time spent auto-exploring this place.
 F = Levels seen in this place.
 G = Mean time per level.
                   A        B        C        D        E       F      G
               +--------+--------+--------+--------+--------+-----+--------+
         Total |   4112 |   3879 |    233 |      0 |   2972 |   6 |  685.3 |
       Dungeon |   3815 |   3690 |    125 |      0 |   2807 |   5 |  763.0 |
        Temple |    296 |    189 |    107 |      0 |    165 |   1 |  296.0 |
               +--------+--------+--------+--------+--------+-----+--------+

Top non-repeatable levels by time:
     D:3: 1050 daAuts
     D:1: 884 daAuts
     D:4: 865 daAuts
     D:2: 758 daAuts
  Temple: 296 daAuts
     D:5: 257 daAuts
